 Dungeon Crawl Stone Soup version 0.29.1-14-g9c671dbff4 (webtiles) character file.

Game seed: 2933494605333332764

665 sankara the Chopper (level 7, -5/61 HPs)
             Began as a Hill Orc Fighter on Feb 12, 2023.
             Constricted to death by Pikel (7 damage)
             ... on level 5 of the Dungeon.
             The game lasted 00:07:25 (3725 turns).

sankara the Chopper (Hill Orc Fighter)              Turns: 3725, Time: 00:07:26

Health: -5/61      AC: 13    Str: 19    XL:     7   Next: 57%
Magic:  7/7        EV:  1    Int:  8    God:
Gold:   162        SH:  9    Dex: 12    Spells: 6/6 levels left

rFire   . . .      SeeInvis +   a - +0 war axe (vorpal)
rCold   . . .      Faith    .   j - +0 kite shield
rNeg    . . .      Spirit   .   f - +0 plate armour
rPois   +          Reflect  .   (no helmet)
rElec   .          Harm     .   (no cloak)
rCorr   .          Rampage  .   s - +0 pair of gloves
Will    .....                   (no boots)
Stlth   ..........              (no amulet)
HPRegen 0.20/turn               n - ring of see invisible
MPRegen 0.10/turn               z - ring of poison resistance

@: grasped by roots, constricted
A: no striking features
a: no special abilities


You were on level 5 of the Dungeon.
You visited 1 branch of the dungeon, and saw 5 of its levels.
You also visited: Ossuary.

You collected 162 gold pieces.

Inventory:

Hand Weapons
 a - a +0 vorpal war axe (weapon)
 l - a +0 sling
Missiles
 y - 5 javelins (quivered)
Armour
 c - a +0 buckler
 f - a +0 plate armour (worn)
 j - a +0 kite shield (worn)
 s - a +0 pair of gloves (worn)
Jewellery
 n - a ring of see invisible (left hand)
 z - a ring of poison resistance (right hand)
 C - a ring of wizardry
Scrolls
 e - a scroll of silence
 g - 2 scrolls of identify
 h - 2 scrolls of brand weapon
 i - 2 scrolls of blinking {unknown}
 q - 2 scrolls of enchant weapon {unknown}
 t - a scroll of summoning {unknown}
 u - 5 scrolls of poison {unknown}
 x - a scroll of enchant armour {unknown}
 B - a scroll of amnesia {unknown}
 D - a scroll of torment {unknown}
 E - a scroll of fog
Potions
 b - 2 potions of mutation
 d - 2 potions of might
 m - 2 potions of invisibility {unknown}
 o - 4 potions of curing {unknown}
 p - 2 potions of attraction {unknown}
 r - a potion of cancellation {unknown}
 v - a potion of ambrosia {unknown}
 A - a potion of haste {unknown}
 F - a potion of resistance {unknown}


   Skills:
 + Level 5.6 Fighting
 * Level 7.1 Axes
 + Level 5.1 Armour
 + Level 5.0 Shields


You had 6 spell levels left.
You didn't know any spells.
Your spell library contained the following spells:

 Spells                   Type           Power      Damage    Failure   Level
 Beastly Appendage        Tmut           0%         N/A       100%        1
 Ensorcelled Hibernation  Hex/Ice        0%         N/A       100%        2
 Wereblood                Tmut           0%         N/A       100%        2
 Spider Form              Tmut/Pois      0%         N/A       100%        3
 Anguish                  Hex/Necr       0%         N/A       100%        4


Dungeon Overview and Level Annotations

Branches:
Dungeon (5/15)            Ossuary (visited)
 Temple: D:4-7

Altars:

Annotations:
D:5 Pikel


Message History

Unknown command.
You barely miss Pikel.
Pikel is heavily wounded.
You hit the lemure. You hit the lemure but do no damage. The lemure hits you.
The lemure hits you but does no damage.
Pikel hits you with a +0 whip of freezing!
* * * LOW HITPOINT WARNING * * *
Pikel freezes you.
* * * LOW HITPOINT WARNING * * *
The lemure hits you but does no damage.
You feel much better. You block the lemure's attack.
Pikel zaps a wand.
The roots erupt in riotous growth!
The grasping roots grab you!
Pikel is unaffected.
The lemure is unaffected. x2
The grasping roots constrict you!
You hear a bark!
You closely miss Pikel.
Pikel is heavily wounded.
You closely miss the lemure. You slash the lemure! The lemure hits you.
Pikel hits you with a +0 whip of freezing.
Pikel freezes you. The grasping roots constrict you.
You block the lemure's attack.
Unknown command.
You closely miss Pikel.
Pikel is heavily wounded.
You barely miss the lemure. You hit the lemure. You slash the lemure!
Pikel hits you with a +0 whip of freezing.
* * * LOW HITPOINT WARNING * * *
Pikel freezes you.
* * * LOW HITPOINT WARNING * * *
The grasping roots constrict you.
* * * LOW HITPOINT WARNING * * *
The lemure hits you.
* * * LOW HITPOINT WARNING * * *
The lemure hits you.
* * * LOW HITPOINT WARNING * * *
The lemure hits you but does no damage.
Pikel cracks his whip.
You block Pikel's attack. The grasping roots constrict you!
You die...

*,,,,,,,**~~~~*,,,,*
**,,,...##≈##~*,,,****
**,,,...#≈≈##*,,,,,,**
*,,,...#≈≈≈##,.,,,,,,
*****..#≈≈≈≈#..,~,,,,
###.#≈≈≈~~..~~~~~,
###....~≈≈~~..~~~~~~
###..55....~≈~≈~~~~~~~
#....@K.5~.~(~~~~~~~,~
###.....5.(..~(~~~,,,~,~
###.................,*,,*,
#≈##.....#####..(...,,,,**
#≈###...##*,,,...#..**,,**
##≈##....# **,,...#,.**,.##
###.~.#....## *,.,#.#*,,,,...
##...~.......###..,,.<,,,,,...
#....~............*,**,,,,,...


You could see Pikel (poisoned) and 4 lemures.

Vanquished Creatures
  A phantom (D:4)
  Blork the orc (D:5)
  A howler monkey (D:5)
  3 centaur zombies (Ossuary)
  A jelly (D:4)
  A hound (D:4)
  Natasha (twice) (D:2)
  Terence (D:2)
  An iguana (D:4)
  5 mummies (Ossuary)
  A gnoll (D:1)
  3 adders
  2 ufetubi (D:5)
  A worm (D:2)
  4 dart slugs
  11 orcs
  15 ball pythons
  8 endoplasms
  4 giant cockroaches
  7 goblins
  4 hobgoblins
  6 jackals
  10 kobolds
  3 quokkas
  7 bats
  2 frilled lizards
  2 hobgoblin zombies (Ossuary)
  A rat (D:1)
108 creatures vanquished.

Vanquished Creatures (others)
  13 fungi
  5 plants (D:2)
18 creatures vanquished.

Grand Total: 126 creatures vanquished

Notes
Turn   | Place    | Note
-------+----------+-------------------------------------------
     0 | D:1      | sankara the Hill Orc Fighter began the quest for the Orb.
     0 | D:1      | Reached XP level 1. HP: 19/19 MP: 1/1
    98 | D:1      | Reached skill level 3 in Axes
   120 | D:1      | Reached XP level 2. HP: 27/27 MP: 2/2
   579 | D:1      | Reached XP level 3. HP: 33/33 MP: 3/3
  1312 | D:2      | Reached skill level 4 in Axes
  1386 | D:2      | Reached XP level 4. HP: 40/40 MP: 4/4
  1398 | D:2      | Found a faded altar of an unknown god.
  1442 | D:2      | Noticed Natasha
  1451 | D:2      | Killed Natasha
  1508 | D:2      | Noticed Terence
  1522 | D:2      | Killed Terence
  1813 | D:2      | Noticed Natasha
  1817 | D:2      | Killed Natasha
  1818 | D:2      | Reached XP level 5. HP: 40/47 MP: 5/5
  2218 | D:3      | Reached skill level 5 in Axes
  2848 | D:4      | Noticed a phantom
  2856 | D:4      | Killed a phantom
  2857 | D:4      | Reached XP level 6. HP: 49/55 MP: 6/6
  2909 | D:4      | Reached skill level 5 in Fighting
  2967 | D:4      | Reached skill level 6 in Axes
  3298 | D:5      | Entered Level 5 of the Dungeon
  3348 | D:5      | Noticed Blork the orc
  3358 | D:5      | Killed Blork the orc
  3359 | D:5      | Reached XP level 7. HP: 30/61 MP: 7/7
  3379 | D:5      | Found a sand-covered staircase.
  3511 | Ossuary  | Entered an ossuary
  3605 | Ossuary  | Reached skill level 5 in Armour
  3606 | Ossuary  | Reached skill level 7 in Axes
  3606 | Ossuary  | Reached skill level 5 in Shields
  3712 | D:5      | Noticed Pikel
  3725 | D:5      | HP: 2/61 [lemure[Pikel] (3)]
  3725 | D:5      | Constricted to death by Pikel

Illustrated notes

Levels and vault maps discovered:
D:1:      scummos_arrival_checkerplants, layout_loops_ring
D:2:      layout_basic, shapermc_ecumenical_altar_mp_ritualfount, uniq_terence,
          uniq_natasha
D:3:      layout_loops_ring, nrook_loot_triangle, st_stairs_8,
          hangedman_glass_garden, kennysheep_donut
D:4:      layout_cave_pools
D:5:      layout_cave_pools, serial_rivers, chequers_serial_rivers_small_b,
          chequers_serial_rivers_micro_a, chequers_serial_rivers_large_a,
          chequers_serial_rivers_micro_a, chequers_serial_rivers_micro_b,
          nicolae_ossuary_entry_ruins, uniq_pikel, uniq_blork_the_orc

Skill      XL: |  1  2  3  4  5  6  7 |
---------------+----------------------+-----
Axes           | 3 4 5 6 7 |  7.1
Fighting       | 4 5 |  5.6
Armour         | 4 5 |  5.1
Shields        | 4 5 |  5.0

Action                   |  1- 3 |  4- 6 |  7- 9 || total
-------------------------+-------+-------+-------++-------
Melee: War axe           |    95 |   141 |    37 ||   273
Throw: Dart              |       |       |     4 ||     4
       Javelin           |       |       |     1 ||     1
  Use: Scroll            |       |     6 |       ||     6
       Potion            |       |       |     1 ||     1
Armor: Scale mail        |     8 |       |       ||     8
       Plate armour      |    47 |   102 |    47 ||   196
Dodge: Dodged            |    27 |    35 |    11 ||    73
Block: Buckler           |     7 |       |       ||     7
       Kite shield       |    29 |    79 |    24 ||   132
